 Dungeon Sprint DCSS version 0.30-a0-528-g8c47a4955b (webtiles) character file.

Game seed: 7812514173548272140

1522 Angani the Thaumaturge (level 8, -13/103 HPs)
             Began as a Gnoll Warper on Dec 23, 2022.
             Was the Champion of Cheibriados.
             Mangled by a shadow wraith (14 damage)
             ... in the Dungeon (Sprint VII: "The Pits").
             The game lasted 00:02:54 (721 turns).

Angani the Thaumaturge (Gnoll Warper)                Turns: 721, Time: 00:02:55

Health: -13/103    AC: 11    Str: 26    XL:     8   Next: 84%
Magic:  20/20      EV: 18    Int: 29    God:    Cheibriados [******]
Gold:   0          SH:  0    Dex: 27    Spells: 9/24 levels left

rFire   . . .      SeeInvis .    k - +2 quarterstaff
rCold   . . .      Faith    .    (shield currently unavailable)
rNeg    . . .      Spirit   .    m - +3 scale mail {rPois}
rPois   +          Reflect  .    (no helmet)
rElec   .          Harm     .    (no cloak)
rCorr   .          Rampage  .    (no gloves)
Will    .....      NoTele   +    (no boots) Stlth
                                 (no amulet)
HPRegen 0.37/turn                (no ring)
MPRegen 0.17/turn                (no ring)

@: berserking (expiring), slowed, very slow
A: fangs 1, strong nose, distributed training
a: Renounce Religion, Bend Time, Temporal Distortion, Slouch, Step From Time


You were in the Dungeon.
You worshipped Cheibriados.
Cheibriados was exalted by your worship.
You visited 1 branch

Inventory:

Hand Weapons
 k - a +2 quarterstaff (weapon)
Missiles
 d - 6 boomerangs of dispersal (quivered)
Armour
 b - a +0 leather armour
 m - a +3 scale mail of poison resistance (worn)
Scrolls
 c - 2 scrolls of blinking
 j - 5 scrolls of amnesia
 l - a scroll of butterflies
Potions
 a - 2 potions of invisibility
 e - 6 potions of curing
 f - 6 potions of heal wounds
 g - a potion of haste
 h - 4 potions of magic
 i - 2 potions of berserk rage


   Skills:
 + Level 8.6 Fighting
 + Level 7.2 Short Blades
 + Level 7.2 Long Blades
 + Level 8.6 Axes
 + Level 7.2 Maces & Flails
 + Level 7.2 Polearms
 + Level 7.2 Staves
 + Level 7.2 Ranged Weapons
 + Level 7.7 Throwing
 + Level 7.7 Armour
 + Level 8.6 Dodging
 + Level 7.2 Stealth
 + Level 7.2 Shields
 + Level 7.2 Unarmed Combat
 + Level 8.9 Spellcasting
 + Level 6.0 Conjurations
 + Level 6.0 Hexes
 + Level 6.0 Summonings
 + Level 6.0 Necromancy
 + Level 8.2 Translocations
 + Level 6.0 Transmutations
 + Level 6.0 Fire Magic
 + Level 6.0 Ice Magic
 + Level 6.0 Air Magic
 + Level 6.0 Earth Magic
 + Level 6.0 Poison Magic
 + Level 7.9 Invocations
 + Level 7.2 Evocations


You had 9 spell levels left.
You knew the following spells:

 Your Spells              Type           Power      Damage    Failure   Level
a - Blink                 Tloc           100%       N/A       1%          2
b - Lesser Beckoning      Tloc           100%       N/A       1%          3
c - Teleport Other        Tloc           57%        N/A       1%          3
d - Vhi's Electric Charg  Tloc/Air       100%       N/A       1%          3
e - Manifold Assault      Tloc           57%        N/A       3%          4

Your spell library contained the following spells:

 Spells                   Type           Power      Damage    Failure   Level


Dungeon Overview and Level Annotations

Branches:
Dungeon (1/1)

Altars:
Ashenzari
Cheibriados
Dithmenos
Elyvilon
Fedhas
Gozag
Hepliaklqana
Kikubaaqudgha
Makhleb
Nemelex Xobeh
Okawaru
Qazlal
Ru
Sif Muna
Trog
Uskayaw
Vehumet
Wu Jian
Xom
Yredelemnul
Zin
The Shining One
Jiyva
Lugonu

Annotations:
D exclusion: 6 doors


Innate Abilities, Weirdness & Mutations

You have very sharp teeth.
Your uncanny sense of smell can sniff out nearby items.
Your experience applies equally to all skills.


Message History

You feel as though you will be slow longer.
The swamp dragon bites you.
* * * LOW HITPOINT WARNING * * *
The swamp dragon claws you but does no damage.
The swamp dragon tramples you but does no damage.
The swamp dragon closely misses you. x2; The swamp dragon tramples you.
* * * LOW HITPOINT WARNING * * *
You hold your ground!
Something closely misses you.
Unknown command.
You hit the swamp dragon. You bite the swamp dragon.
You kill the swamp dragon!
Cheibriados appreciates the change of pace.
Something hits you!
* * * LOW HITPOINT WARNING * * *
Something drains your vigour!
You feel as though you will be slow longer.
Your Short Blades skill increases to level 7!
Your Long Blades skill increases to level 7!
Your Maces & Flails skill increases to level 7!
Your Polearms skill increases to level 7!
Your Staves skill increases to level 7!
Your Ranged Weapons skill increases to level 7!
Your Stealth skill increases to level 7!
Your Shields skill increases to level 7!
Your Unarmed Combat skill increases to level 7!
Your Conjurations skill increases to level 6!
Your Hexes skill increases to level 6!
Your Summonings skill increases to level 6!
Your Necromancy skill increases to level 6!
Your Translocations skill increases to level 8!
Your Transmutations skill increases to level 6!
Your Fire Magic skill increases to level 6!
Your Ice Magic skill increases to level 6!
Your Air Magic skill increases to level 6!
Your Earth Magic skill increases to level 6!
Your Poison Magic skill increases to level 6!
Your Evocations skill increases to level 7!
Unknown command.
You barely miss something. Something hits you!
You die...

#)#..########...<...#
#.#..'.)))[##.......#
#.#..#.))).##.......#
#'###########.......#
#.......#..##########
#...#...#.# ###
#...#...#o# ...#∆∆∆∆
#.##.##.#{#....#∆∆
#...#...#@o....+∆∆
#...#...#'#....#∆∆
#.......'.# ...#∆
########### ###


You could see an orc warrior and an orc priest.

Vanquished Creatures
  A swamp dragon (D)
  A gargoyle (D)
  A warg (D)
  A water moccasin (D)
  A floating eye (D)
  A sky beast (D)
  A centaur (D)
  2 phantoms (D)
  A quasit (D)
  An orc wizard (D)
  A mummy (D)
  An adder (D)
  2 ufetubi (D)
  An adder skeleton (D)
  2 orcs (D)
  A ball python (D)
  A bat zombie (D)
  A goblin (D)
  A hobgoblin (D)
  A frilled lizard (D)
  A rat (D)
24 creatures vanquished.

Notes
Turn   | Place    | Note
-------+----------+-------------------------------------------
     0 | D        | Angani the Gnoll Warper began the quest for the Orb.
     0 | D        | Reached XP level 1. HP: 20/20 MP: 6/6
    29 | D        | Noticed a floating eye
    32 | D        | Paralysed by a floating eye for 4 turns
    39 | D        | Killed a floating eye
    40 | D        | Reached skill level 5 in Fighting
    40 | D        | Reached skill level 5 in Axes
    40 | D        | Reached skill level 5 in Dodging
    40 | D        | Reached skill level 5 in Spellcasting
    40 | D        | Reached XP level 2. HP: 27/27 MP: 6/8
    40 | D        | Reached XP level 3. HP: 33/33 MP: 7/10
    40 | D        | Reached XP level 4. HP: 39/39 MP: 7/11
    75 | D        | Found a glowing golden altar of the Shining One.
    75 | D        | Found a glowing silver altar of Zin.
    75 | D        | Found a basalt altar of Yredelemnul.
    75 | D        | Found a shimmering altar of Xom.
    75 | D        | Found an ornate altar of the Wu Jian Council.
    75 | D        | Found a bloodstained altar of Trog.
    75 | D        | Found a shimmering blue altar of Sif Muna.
    75 | D        | Found a sacrificial altar of Ru.
    75 | D        | Found a stormy altar of Qazlal.
    75 | D        | Found an iron altar of Okawaru.
    75 | D        | Found a sparkling altar of Nemelex Xobeh.
    75 | D        | Found a burning altar of Makhleb.
    75 | D        | Found a viscous altar of Jiyva.
    75 | D        | Found a hazy altar of Hepliaklqana.
    75 | D        | Found an opulent altar of Gozag.
    75 | D        | Found a blossoming altar of Fedhas.
    75 | D        | Found a white marble altar of Elyvilon.
    75 | D        | Found a shadowy altar of Dithmenos.
    75 | D        | Found a snail-covered altar of Cheibriados.
    76 | D        | Found a radiant altar of Vehumet.
    76 | D        | Found a corrupted altar of Lugonu.
    77 | D        | Found a hide-covered altar of Uskayaw.
    77 | D        | Found an ancient bone altar of Kikubaaqudgha.
    77 | D        | Found a broken altar of Ashenzari.
    85 | D        | Became a worshipper of Cheibriados the Contemplative
   102 | D        | Reached * piety under Cheibriados
   110 | D        | Learned a level 2 spell: Blink
   114 | D        | Learned a level 3 spell: Lesser Beckoning
   118 | D        | Learned a level 3 spell: Teleport Other
   122 | D        | Learned a level 3 spell: Vhi's Electric Charge
   127 | D        | Learned a level 4 spell: Manifold Assault
   141 | D        | Reached ** piety under Cheibriados
   142 | D        | Reached XP level 5. HP: 45/46 MP: 13/13
   267 | D        | Reached *** piety under Cheibriados
   418 | D        | Noticed a warg
   418 | D        | Noticed a phantom
   423 | D        | Noticed a centaur
   435 | D        | Killed a centaur
   435 | D        | Reached **** piety under Cheibriados
   436 | D        | Reached skill level 5 in Throwing
   436 | D        | Reached skill level 5 in Armour
   436 | D        | Reached XP level 6. HP: 31/53 MP: 11/15
   445 | D        | Reached skill level 5 in Invocations
   453 | D        | Killed a warg
   454 | D        | Reached skill level 5 in Short Blades
   454 | D        | Reached skill level 5 in Long Blades
   454 | D        | Reached skill level 5 in Maces & Flails
   454 | D        | Reached skill level 5 in Polearms
   454 | D        | Reached skill level 5 in Staves
   454 | D        | Reached skill level 5 in Ranged Weapons
   454 | D        | Reached skill level 5 in Stealth
   454 | D        | Reached skill level 5 in Shields
   454 | D        | Reached skill level 5 in Unarmed Combat
   454 | D        | Reached skill level 5 in Evocations
   454 | D        | Reached XP level 7. HP: 17/60 MP: 14/17
   454 | D        | Reached ***** piety under Cheibriados
   615 | D        | Noticed a gargoyle
   621 | D        | Killed a gargoyle
   622 | D        | Reached skill level 5 in Conjurations
   622 | D        | Reached skill level 5 in Hexes
   622 | D        | Reached skill level 5 in Summonings
   622 | D        | Reached skill level 5 in Necromancy
   622 | D        | Reached skill level 5 in Transmutations
   622 | D        | Reached skill level 5 in Fire Magic
   622 | D        | Reached skill level 5 in Ice Magic
   622 | D        | Reached skill level 5 in Air Magic
   622 | D        | Reached skill level 5 in Earth Magic
   622 | D        | Reached skill level 5 in Poison Magic
   629 | D        | Reached XP level 8. HP: 61/68 MP: 20/20
   641 | D        | Reached ****** piety under Cheibriados
   703 | D        | Noticed a swamp dragon
   720 | D        | Killed a swamp dragon
   720 | D        | HP: 1/102 [something (13)]
   721 | D        | Mangled by a shadow wraith

Illustrated notes

Levels and vault maps discovered:
D:        pitsprint [storerooms_1, entrance_room_1, metal_vault_7, armoury_1,
          mini_pit_1, grid_room_1, main_hall_1, silver_pit, the_coven_1,
          the_vestibule_1, steel_vault_4, golden_pit, hallway_of_sentries,
          crystal_vault_1, iron_vault_1, final_vault]

Skill      XL: |  1  2  3  4  5  6  7  8 |
---------------+-------------------------+-----
Fighting       | 5 6 7 8 |  8.6
Short Blades   | 3 4 5 6 7 |  7.2
Long Blades    | 3 4 5 6 7 |  7.2
Axes           | 5 6 7 8 |  8.6
Maces & Flails | 3 4 5 6 7 |  7.2
Polearms       | 3 4 5 6 7 |  7.2
Staves         | 3 4 5 6 7 |  7.2
Ranged Weapons | 3 4 5 6 7 |  7.2
Throwing       | 4 5 6 7 |  7.7
Armour         | 4 5 6 7 |  7.7
Dodging        | 5 6 7 8 |  8.6
Stealth        | 3 4 5 6 7 |  7.2
Shields        | 3 4 5 6 7 |  7.2
Unarmed Combat | 3 4 5 6 7 |  7.2
Spellcasting   | 5 6 7 8 |  8.9
Conjurations   | 2 3 4 5 6 |  6.0
Hexes          | 2 3 4 5 6 |  6.0
Summonings     | 2 3 4 5 6 |  6.0
Necromancy     | 2 3 4 5 6 |  6.0
Translocations | 6 7 8 |  8.2
Transmutations | 2 3 4 5 6 |  6.0
Fire Magic     | 2 3 4 5 6 |  6.0
Ice Magic      | 2 3 4 5 6 |  6.0
Air Magic      | 2 3 4 5 6 |  6.0
Earth Magic    | 2 3 4 5 6 |  6.0
Poison Magic   | 2 3 4 5 6 |  6.0
Invocations    | 3 4 5 6 7 |  7.9
Evocations     | 3 4 5 6 7 |  7.2

Action                   |  1- 3 |  4- 6 |  7- 9 || total
-------------------------+-------+-------+-------++-------
Melee: Hand axe          |     6 |       |       ||     6
       Bite              |     1 |     4 |     5 ||    10
       Quarterstaff      |       |    51 |    46 ||    97
Throw: Boomerang         |       |       |     1 ||     1
 Cast: Manifold Assault  |       |     2 |       ||     2
       Blink             |       |     1 |       ||     1
Invok: Bend Time         |       |     1 |       ||     1
  Use: Potion            |       |       |     1 ||     1
Armor: Leather armour    |       |    10 |       ||    10
       Scale mail        |       |    24 |    14 ||    38
Dodge: Dodged            |       |    69 |    35 ||   104

Table legend: (Time is in decaauts)
 A = Elapsed time spent in this place.
 B = Non-inter-level travel time spent in this place.
 C = Inter-level travel time spent in this place.
 D = Time resting spent in this place.
 E = Time spent auto-exploring this place.
 F = Levels seen in this place.
 G = Mean time per level.
                   A        B        C        D        E       F      G
               +--------+--------+--------+--------+--------+-----+--------+
         Total |    805 |    777 |     28 |    370 |      0 |   1 |  805.0 |
       Dungeon |    805 |    777 |     28 |    370 |      0 |   1 |  805.0 |
               +--------+--------+--------+--------+--------+-----+--------+

Top non-repeatable levels by time:
       D: 805 daAuts
